Map: Nightshade LE

Players

llllllllllll

  • Race: Terran Terran
  • League: Grandmaster
  • Spawn Location: 5:00

HolyHit - Winner!

  • Race: Protoss Protoss
  • League: Grandmaster
  • Spawn Location: 11:00

VOD

Have the link to the VOD?

Description

Time

  • Played on: June 5, 2020, 11:50 a.m.
  • Length: 7:14
Show
View Real Time Build Order
Export as new Build Order

llllllllllll Terran 

Build Orders: Reaper Expand 

Get SALT Encoding   

  12  0:00  SCV  
  13  0:12  SCV  
  14  0:17  Supply Depot  
  14  0:25  SCV  
  15  0:39  SCV  
  15  0:40  Barracks  
  16  0:43  Refinery  
  16  0:51  SCV  
  17  1:03  SCV  
  18  1:15  SCV  
  19  1:29  Orbital Command  
  19  1:30  Reaper  
  20  1:46  Command Center  
  20  1:55  Supply Depot, SCV  
  21  2:04  Marine  
  21  2:07  Bunker  
  21  2:08  SCV  
  23  2:17  Factory  
  23  2:20  SCV  
  24  2:23  Barracks Reactor  
  24  2:33  Refinery, SCV  
  25  2:45  SCV  
  25  2:57  SCV  
  26  2:59  Marine x2  
  28  3:09  SCV, Factory Tech Lab  
  29  3:19  Marine x2  
  31  3:22  Starport  
  31  3:24  SCV  
  31  3:25  Orbital Command  
  32  3:28  Cyclone  
  35  3:37  Marine x2, SCV  
  38  3:49  Supply Depot, SCV  
  38  3:50  SCV  
  38  3:54  Marine x2  
  42  4:00  Barracks  
  42  4:01  SCV  
  42  4:02  SCV  
  44  4:06  Engineering Bay  
  44  4:10  Barracks  
  44  4:15  Raven, Factory Tech Lab  
  46  4:18  Marine x2  
  46  4:22  SCV x2  
  50  4:27  Refinery  
  50  4:29  Supply Depot  
  50  4:34  Terran Infantry Weapons Level 1  
  50  4:36  SCV x2  
  50  4:38  Marine x2  
  52  4:42  Supply Depot  
  54  4:55  SCV x2  
  54  4:58  Stimpack  
  47  5:19  Marine  
  47  5:20  Marine x3  
  51  5:21  Combat Shield  
  51  5:26  Starport Reactor  
  51  5:30  SCV x2  
  51  5:32  Factory Reactor  
  51  5:35  Missile Turret  
  53  5:36  Supply Depot  
  53  5:38  Marine  
  53  5:40  Marine  
  53  5:42  SCV x2, Marine  
  57  5:44  Marine  
  59  5:54  SCV x2  
  59  5:56  Missile Turret  
  61  6:00  Marine  
  61  6:01  Marine  
  63  6:06  Medivac x2  
  63  6:09  Widow Mine  
  63  6:11  Widow Mine  
  71  6:16  SCV x2  
  73  6:21  Supply Depot  
  73  6:22  Marine x2  
  73  6:23  Marine  
  73  6:25  Marine  
  68  6:39  Marine  
  52  6:40  Marine  
  52  6:42  Marauder  
  52  6:43  Marine  
  52  6:46  Widow Mine x2  
Show
View Real Time Build Order
Export as new Build Order

HolyHit Protoss - Winner!

Build Orders: Dark Templar Rush 

Get SALT Encoding   

  12  0:00  Probe  
  13  0:12  Probe  
  14  0:17  Pylon  
  14  0:24  Probe (Chrono Boost)  
  15  0:37  Probe (Chrono Boost), Gateway  
  16  0:45  Probe (Chrono Boost)  
  16  0:46  Assimilator  
  17  0:51  Probe  
  18  1:03  Probe  
  19  1:15  Probe  
  20  1:25  Cybernetics Core  
  20  1:31  Probe  
  21  1:36  Assimilator  
  21  1:39  Pylon  
  21  1:48  Nexus  
  21  1:52  Probe  
  22  1:58  Adept (Chrono Boost)  
  24  2:04  Probe  
  24  2:06  Warp Gate  
  25  2:16  Probe  
  25  2:19  Stalker (Chrono Boost)  
  28  2:28  Probe  
  28  2:36  Twilight Council  
  28  2:47  Probe  
  29  2:59  Probe, Robotics Facility  
  29  3:02  Probe  
  31  3:11  Probe  
  32  3:14  Probe (Chrono Boost)  
  31  3:23  Probe (Chrono Boost)  
  31  3:24  Dark Shrine  
  31  3:26  Probe (Chrono Boost)  
  33  3:32  Probe (Chrono Boost)  
  33  3:33  Probe (Chrono Boost), Gateway  
  35  3:34  Gateway  
  35  3:37  Probe (Chrono Boost)  
  36  3:46  Warp Prism (Chrono Boost)  
  36  3:48  Probe  
  39  3:55  Assimilator  
  39  3:56  Probe  
  39  3:57  Assimilator  
  39  4:01  Pylon  
  39  4:02  Probe  
  41  4:08  Probe  
  42  4:11  Pylon  
  42  4:14  Probe  
  43  4:17  Observer (Chrono Boost)  
  43  4:20  Probe  
  45  4:26  Probe  
  46  4:32  Probe, Charge (Chrono Boost)  
  47  4:38  Dark Templar  
  47  4:39  Probe, Dark Templar  
  47  4:42  Shadow Stride (Chrono Boost), Gateway x2  
  52  4:50  Probe  
  53  5:07  Probe  
  54  5:16  Gateway  
  54  5:18  Dark Templar x2  
  54  5:19  Gateway  
  54  5:21  Probe, Gateway  
  58  5:23  Pylon  
  58  5:24  Gateway  
  57  5:29  Pylon  
  57  5:34  Dark Templar  
  59  5:46  Dark Templar  
  61  5:50  Dark Templar  
  61  5:51  Zealot x2  
  61  5:56  Pylon  
  67  6:00  Pylon  
  67  6:13  Zealot x4  
  67  6:14  Dark Templar  
  67  6:17  Dark Templar  
  79  6:18  Zealot  
  65  6:40  Zealot x7  
  73  6:53  Dark Templar x2  
Tags
 
Add a new tag
Caveats
  • Supply blocks, unpowered buildings, or Contaminate may cause inaccurate times.
  • Supply counts are checked every 10 seconds.